 Dungeon Crawl Stone Soup version 0.19-a0-1899-g2d93087 (webtiles) character file.

3776 MrRokkomies the Destroyer (level 9, -2/67 HPs)
             Began as a Demigod Fire Elementalist on Oct 20, 2016.
             Splashed by Erica's acid (16 damage)
             ... on level 8 of the Dungeon.
             The game lasted 00:27:40 (8530 turns).

MrRokkomies the Destroyer (DgFE)                    Turns: 8530, Time: 00:27:41

Health: -2/67      AC:  9    Str: 15    XL:     9   Next: 63%
Magic:  4/20       EV: 10    Int: 21    God:
Gold:   473        SH:  0    Dex: 16    Spells: 5 memorised, 5 levels left

rFire  + . .     SeeInvis +     l - +0 halberd (freeze)
rCold  x . .     Gourm    .     z - +3 scale mail {rPois}
rNeg   . . .     Faith    .     (shield currently unavailable)
rPois  +         Spirit   .     o - +0 helmet
rElec  .         Reflect  .     J - +0 cloak
rCorr  .         Harm     .     F - +0 pair of gloves
MR     .....                    r - +0 pair of boots
Stlth  +.........               (no amulet)
                                v - ring of fire
                                t - ring of see invisible

@: corroded, very slightly contaminated, slowed, very slow
A: high mp 1
a: no special abilities


You were on level 8 of the Dungeon.
You were not hungry.

You visited 1 branch of the dungeon, and saw 8 of its levels.
You also visited: Sewer.

You collected 473 gold pieces.

Inventory:

Hand Weapons
 a - a +3 spear
 l - a +0 halberd of freezing (weapon)
 A - a +0 arbalest
 D - the +6 whip "Opsuriprat" {freeze, Int-2 Dex+2 SInv}
   (You took it off a wight on level 7 of the Dungeon)

   It has been specially enchanted to freeze those struck by it, causing extra
   injury to most foes and up to half again as much damage against particularly
   susceptible opponents.
   It can also slow down cold-blooded creatures.
   It affects your intelligence (-2).
   It affects your dexterity (+2).
   It lets you see invisible.
Missiles
 Q - 2 throwing nets (quivered)
Armour
 o - a +0 helmet (worn)
 r - a +0 pair of boots (worn)
 z - a +3 scale mail of poison resistance (worn)
 F - a +0 pair of gloves (worn)
 J - a +0 cloak (worn)
Jewellery
 j - a +3 ring of intelligence
 t - a ring of see invisible (left hand)
 v - a ring of fire (right hand)
Wands
 g - a wand of paralysis (5/24)
 m - a wand of enslavement (7/24)
 w - a wand of iceblast (15/15)
 L - a wand of iceblast (7/15)
 N - a wand of heal wounds (4/9)
 S - a wand of iceblast (9/15)
Scrolls
 h - 2 scrolls of teleportation
 q - 2 scrolls of fog
 s - 7 scrolls of remove curse
 u - 2 scrolls of amnesia
 E - a scroll of magic mapping
 O - a scroll of recharging
 P - 2 scrolls of identify
Potions
 d - a potion of haste
 e - 2 potions of cancellation
 f - a potion of ambrosia
 k - 2 potions of magic
 n - 2 potions of mutation
 x - 2 potions of degeneration
 B - 2 potions of agility
 C - a potion of resistance
 G - 2 potions of flight
 K - a potion of lignification
 R - a potion of heal wounds {unknown}
Books
 b - a book of Flames

   Spells                             Type                      Level
   a - Flame Tongue                   Conjuration/Fire             1
   b - Throw Flame                    Conjuration/Fire             2
   c - Conjure Flame                  Conjuration/Fire             3
   d - Inner Flame                    Hexes/Fire                   3
   e - Sticky Flame                   Conjuration/Fire             4
   f - Fireball                       Conjuration/Fire             5
 y - a book of Misfortune

   Spells                             Type                      Level
   a - Confusing Touch                Hexes                        1
   b - Confuse                        Hexes                        3
   c - Gell's Gravitas                Hexes/Translocation          3
   d - Petrify                        Transmutation/Earth          4
   e - Metabolic Englaciation         Hexes/Ice                    5
   f - Yara's Violent Unravelling     Hexes/Transmutation          5
 M - a Young Poisoner's Handbook

   Spells                             Type                      Level
   a - Sting                          Conjuration/Poison           1
   b - Mephitic Cloud                 Conjuration/Poison/Air       3
   c - Olgreb's Toxic Radiance        Poison                       4
   d - Alistair's Intoxication        Transmutation/Poison         5
   e - Venom Bolt                     Conjuration/Poison           5
Comestibles
 c - 6 bread rations
 i - 3 meat rations
 p - 3 slices of pizza
 H - 8 beef jerkies
 I - 9 fruits


   Skills:
 * Level 1.9 Fighting
 - Level 1.7 Dodging
 - Level 1.7 Stealth
 * Level 5.3 Spellcasting
 - Level 9.0 Conjurations
 - Level 8.0 Fire Magic


You had 5 spell levels left.
You knew the following spells:

 Your Spells              Type           Power        Failure   Level  Hunger
a - Flame Tongue          Conj/Fire      #####        1%          1    None
b - Conjure Flame         Conj/Fire      ######..     4%          3    ##.....
c - Inner Flame           Hex/Fire       ####....     30%         3    ##.....
d - Sticky Flame          Conj/Fire      ######..     17%         4    ####...
e - Throw Flame           Conj/Fire      ######       1%          2    None


Dungeon Overview and Level Annotations

Branches:
Dungeon (8/15)             Temple (0/1) D:5
   Lair: D:8-11

Annotations:
D:8 Erica


Innate Abilities, Weirdness & Mutations

You have an increased reservoir of magic. (+10% MP)


Message History

Confirm with . or Enter, or press ? or * to list all spells.
Aiming: Flame Tongue
Press: ? - help, Shift-Dir - straight line, f/p - Erica
Aim: Erica, wielding a scimitar of flaming, wearing a robe and carrying a wand of acid {zapped: 3} (heavily wounded, slightly transparent, covered in liquid flames)
You feel a surge of power!
The flame tongue hits Erica.
Erica is severely wounded.
Erica burns!
Erica points at you and mumbles some strange words.
You feel yourself slow down.
Casting: Flame Tongue
Confirm with . or Enter, or press ? or * to list all spells.
Aiming: Flame Tongue
Press: ? - help, Shift-Dir - straight line, f/p - Erica
Aim: Erica, wielding a scimitar of flaming, wearing a robe and carrying a wand of acid {zapped: 3} (severely wounded, slightly transparent, covered in liquid flames)
You feel a surge of power!
The flame tongue hits Erica.
Erica is almost dead.
Erica burns!
Erica zaps a wand.
The bolt of acid hits you!
* * * LOW HITPOINT WARNING * * *
You are splashed with acid!
The acid burns!
You die...

#... ## #.#. #. #.#.
#.###### ###.#. .......
..#.#. ..#.#.#######.#.#.
#.#.#.#.....#.#.#.
#.#.#.#.###.#.#.#.
#@#.#.#.# #.#.#.#.
##.#+###@#.#.#.###.#.#.#.
..>......................
##.#####.#.#.#.###.#.#.#.
#.#.#.#.# #.....#.
#.#.#.#.#######(#.
#.#.#.........#)#.
....###.###....).. .....
.......<....


You could see Erica (burning).

Vanquished Creatures
  A hippogriff (D:7)
  Sigmund (D:2)
  A steam dragon (D:7)
  Eustachio (D:5)
  A hungry ghost (D:7)
  A water moccasin (D:8)
  An orc warrior (D:8)
  A black bear (D:8)
  An ice beast (D:8)
  A phantom (D:7)
  A centaur (D:5)
  2 ogres
  Blork the orc (D:6)
  8 bullfrogs
  3 scorpions
  4 killer bees (D:7)
  A howler monkey (D:4)
  3 wights (D:7)
  3 crimson imps
  A bullfrog zombie (D:6)
  The ghost of Naow the Sneak, a weakling SpEn (D:3)
  Crazy Yiuf (D:6)
  5 orc priests
  4 hounds
  2 jellies
  A centaur skeleton (D:6)
  Ijyb (D:2)
  2 iguanas
  3 worker ants
  Terence (D:2)
  8 orc wizards
  A hound skeleton (D:4)
  Robin (D:2)
  8 gnolls
  13 adders
  A shadow imp (D:8)
  An adder skeleton (D:6)
  An adder zombie (D:8)
  3 worms
  A dart slug (D:1)
  3 leopard geckos
  17 orcs
  9 giant cockroaches
  8 hobgoblins
  4 jackals
  8 kobolds
  A quokka (D:2)
  5 ball pythons
  5 bats
  13 frilled lizards
  A giant cockroach zombie (D:5)
  16 goblins
  2 leopard gecko skeletons
  7 rats
195 creatures vanquished.

Notes
Turn   | Place    | Note
-------+----------+-------------------------------------------
     0 | D:1      | MrRokkomies the Demigod Fire Elementalist began the quest for the Orb.
     0 | D:1      | Reached XP level 1. HP: 14/14 MP: 5/5
     5 | D:1      | Reached skill level 1 in Conjurations
   494 | D:1      | Reached XP level 2. HP: 20/20 MP: 7/7
   826 | D:2      | Noticed Ijyb
   839 | D:2      | Killed Ijyb
   839 | D:2      | Reached skill level 2 in Conjurations
   839 | D:2      | Reached XP level 3. HP: 24/26 MP: 4/8
   849 | D:2      | Noticed Sigmund
  1050 | D:2      | Killed Sigmund
  1050 | D:2      | Reached skill level 3 in Conjurations
  1050 | D:2      | Reached XP level 4. HP: 20/33 MP: 0/9
  1050 | D:2      | Reached XP level 5. HP: 23/38 MP: 0/10
  1055 | D:2      | Learned a level 3 spell: Conjure Flame
  1059 | D:2      | Learned a level 3 spell: Inner Flame
  1272 | D:2      | Noticed Robin
  1292 | D:2      | Killed Robin
  1489 | D:2      | Noticed Terence
  1499 | D:2      | Killed Terence
  1699 | D:2      | Reached skill level 4 in Conjurations
  2032 | D:3      | Reached XP level 6. HP: 33/45 MP: 7/11
  2095 | D:3      | Reached skill level 5 in Fire Magic
  2349 | D:3      | Noticed Naow's ghost (weakling SpEn)
  2353 | D:3      | Killed Naow's ghost
  2465 | D:3      | Found a faded altar of an unknown god.
  2960 | D:4      | Found a glowing drain.
  3014 | Sewer    | Entered a sewer
  3418 | Sewer    | Reached XP level 7. HP: 50/50 MP: 10/12
  3508 | D:4      | Reached skill level 5 in Conjurations
  4080 | D:5      | Entered Level 5 of the Dungeon
  4149 | D:5      | Noticed Eustachio
  4738 | D:5      | Found a staircase to the Ecumenical Temple.
  4839 | D:5      | Killed Eustachio
  4839 | D:5      | Reached skill level 6 in Conjurations
  5040 | D:5      | Reached XP level 8. HP: 27/57 MP: 9/13
  5317 | D:6      | Noticed Blork the orc
  5328 | D:6      | Killed Blork the orc
  5841 | D:6      | Found a runed door.
  5845 | D:6      | Noticed Crazy Yiuf
  5848 | D:6      | Killed Crazy Yiuf
  5901 | D:6      | Reached skill level 7 in Conjurations
  7073 | D:7      | Reached XP level 9. HP: 38/62 MP: 17/17
  7080 | D:7      | Reached skill level 8 in Conjurations
  7083 | D:7      | Got a slimy whip {freeze}
  7134 | D:7      | Identified the +6 whip "Opsuriprat" {freeze, Int-2 Dex+2 SInv} (You took it off a wight on level 7 of the Dungeon)
  7279 | D:7      | Found an iron altar of Okawaru.
  7313 | D:7      | Learned a level 4 spell: Sticky Flame
  7316 | D:7      | Learned a level 2 spell: Throw Flame
  8167 | D:8      | Reached skill level 9 in Conjurations
  8179 | D:8      | Reached skill level 5 in Spellcasting
  8250 | D:8      | Reached skill level 1 in Fighting
  8360 | D:8      | Found a glowing golden altar of the Shining One.
  8510 | D:8      | Noticed Erica
  8530 | D:8      | Splashed by Erica's acid

Vault maps used:
D:1:      lightli_arrival_boilingwater
D:2:      uniq_robin, uniq_iyjb, uniq_terence, uniq_sigmund
D:3:      ecumenical_altar_2
D:4:      portal_sewer_entry_a
D:5:      first_bread, uniq_eustachio
D:6:      grunt_ministairs_3, uniq_crazy_yiuf_cottage, uniq_blork_the_orc
D:7:      lemuel_doored_altar, grunt_ogre_cave
D:8:      lemuel_round_altar, uniq_erica
Sewer:    sewer_frog_island_01

Skill      XL: |  1  2  3  4  5  6  7  8  9 |
---------------+----------------------------+-----
Conjurations   | 1 2 3 4 6 7 9 |  9.0
Fire Magic     | 3 4 5 7 8 |  8.0
Spellcasting   | 3 5 |  5.3
Fighting       | 1 |  1.9
Dodging        | |  1.7
Stealth        | |  1.7

Action                   |  1- 3 |  4- 6 |  7- 9 || total
-------------------------+-------+-------+-------++-------
Melee: Dagger            |    28 |       |       ||    28
       Spear             |    34 |   191 |    15 ||   240
       Halberd           |       |    43 |   362 ||   405
 Cast: Flame Tongue      |    19 |    43 |   155 ||   217
       Conjure Flame     |       |     3 |     4 ||     7
       Sticky Flame      |       |       |     3 ||     3
  Use: Scroll            |     5 |     5 |    13 ||    23
       Potion            |       |     3 |     6 ||     9
 Stab: Distracted        |     1 |       |       ||     1
       Sleeping          |       |     1 |       ||     1
  Eat: Chunk             |     1 |     9 |     8 ||    18
       Meat ration       |       |       |     1 ||     1
       Bread ration      |       |       |     1 ||     1
Armor: Ring mail         |    27 |    75 |       ||   102
       Skin              |       |   202 |       ||   202
       Scale mail        |       |       |   308 ||   308
Dodge: Dodged            |    27 |   110 |   280 ||   417
